 Dungeon Crawl Stone Soup version 0.24.0-123-gd5b16e6ec5 (webtiles) character file.

Game seed: 4329082295084918069, levelgen mode: deterministic

133 FishyPogo the Magician (level 4, -5/34 HPs)
             Began as a Demonspawn Wizard on Jan 2, 2020.
             Was a Plaything of Xom.
             Slain by Sigmund
             ... wielding a +0 scythe
              (8 damage)
             ... on level 2 of the Dungeon.
             The game lasted 00:10:00 (1642 turns).

FishyPogo the Magician (Demonspawn Wizard)          Turns: 1642, Time: 00:10:01

Health: -5/34      AC:  4    Str:  8    XL:     4   Next: 94%
Magic:  1/8        EV: 11    Int: 20    God:    Xom [....*.]
Gold:   58         SH:  0    Dex: 11    Spells: 1/9 levels left

rFire    . . .     SeeInvis .   b - +0 short sword (elec)
rCold    . . .     Gourm    .   (no shield)
rNeg     . . .     Faith    .   n - +0 leather armour (curse)
rPois    .         Spirit   .   m - +0 helmet
rElec    .         Reflect  .   q - scarf {repulsion}
rCorr    .         Harm     .   (no gloves)
MR       .....                  (no boots)
Stlth    +.........             i - amulet of rage
HPRegen  0.11/turn              (no ring)
MPRegen  0.11/turn              (no ring)

@: confused, very slightly contaminated, repel missiles
A: spiny 1
a: Renounce Religion, Evoke Berserk Rage


You were on level 2 of the Dungeon.
You worshipped Xom.
You were a beloved toy of Xom.
You were not hungry.

You visited 1 branch of the dungeon, and saw 2 of its levels.

You collected 58 gold pieces.

Inventory:

Hand Weapons
 a - a +0 dagger of speed
 b - a +0 short sword of electrocution (weapon)
Missiles
 e - 124 stones (quivered)
Armour
 k - a cursed +0 plate armour
 m - a +0 helmet (worn)
 n - a cursed +0 leather armour (worn)
 p - a +0 hat
 q - a scarf of repulsion (worn)
Jewellery
 i - an amulet of rage (around neck)
 r - an uncursed ring of ice
Wands
 c - a wand of acid (5)
Scrolls
 f - 2 scrolls of identify {unknown}
 g - a scroll of immolation {unknown}
 j - a scroll of teleportation {unknown}
 o - a scroll of enchant armour {unknown}
Comestibles
 d - 3 rations
 h - 5 chunks of flesh


   Skills:
 + Level 2.8 Fighting
 + Level 2.4 Armour
 - Level 2.0 Dodging
 - Level 2.0 Stealth
 + Level 3.1 Spellcasting
 * Level 1.4 Conjurations
 - Level 1.0 Summonings
 - Level 1.0 Translocations


You had one spell level left.
You knew the following spells:

 Your Spells              Type           Power        Failure   Level  Hunger
a - Magic Dart            Conj           #...         11%         1    None
b - Conjure Flame         Conj/Fire      #.......     41%         3    ###....
j - Blink                 Tloc           N/A          19%         2    ##.....
n - Call Imp              Summ           #.......     21%         2    ##.....

Your spell library contained the following spells:

 Spells                   Type           Power        Failure   Level  Hunger
 Slow                     Hex            #.......     30%         2    ##.....
 Mephitic Cloud           Conj/Pois/Air  #.......     45%         3    ###....


Dungeon Overview and Level Annotations

Branches:
Dungeon (2/15)

Altars:
Xom
Zin

Shops:
D:2 *

Annotations:
D:2 Sigmund


Innate Abilities, Weirdness & Mutations

You are partially covered in sharp spines.


Message History

You aren't carrying any potions.
As you read the scroll labeled CIGRAG NAXUXAH, it crumbles to dust.
It is a scroll of amnesia.
Really abort (and waste the scroll)?
Okay, then.
Xom is amused.
You hear some strange, mumbled words.
You are confused.
Your white imp barely misses something.
Are you sure you want to stumble around while confused and next to your crimson imp?
Okay, then.
You're too confused!
Unknown command.
Are you sure you want to stumble around while confused and next to your crimson imp?
You bump into the rock wall.
Something hits you but does no damage.
Your white imp closely misses something.
Are you sure you want to stumble around while confused and next to your crimson imp?
You bump into the rock wall.
Your white imp misses something.
Something hits you!
You die...

#.####).#.#
#.......#.#
#######.#.#### .. ...
....##.....# ...
#..#####.....##'##...
......#.............
...#.#.............
..#.##...........#
#.#@##...........#
#.#5##.ยง.........#
#.5{..####.......#
#......#####
#.......# #######
#.......# ######### #
######.


You could see a friendly crimson imp and a friendly white imp.

Vanquished Creatures
  A hound (D:2)
  Natasha (D:2)
  Robin (D:2)
  An ooze (D:2)
  A worm (D:2)
  A dart slug (D:1)
  A leopard gecko (D:2)
  5 bats (D:1)
  3 giant cockroaches
  5 hobgoblins
  6 frilled lizards
  8 goblins
  8 kobolds
  11 rats
53 creatures vanquished.

Vanquished Creatures (collateral kills)
  An adder (D:2)
  2 worms (D:2)
  2 hobgoblins (D:2)
  2 frilled lizards (D:2)
  3 goblins
10 creatures vanquished.

Grand Total: 63 creatures vanquished

Notes
Turn   | Place    | Note
-------+----------+-------------------------------------------
     0 | D:1      | FishyPogo the Demonspawn Wizard began the quest for the
                  | Orb.
     0 | D:1      | Reached XP level 1. HP: 13/13 MP: 4/4
   337 | D:1      | Gained mutation: You are partially covered in sharp spines.
                  | [demonic ancestry]
   337 | D:1      | Reached XP level 2. HP: 12/20 MP: 4/6
   341 | D:1      | Learned a level 2 spell: Call Imp
   344 | D:1      | Learned a level 2 spell: Blink
   377 | D:1      | Reached skill level 1 in Fighting
   427 | D:1      | Reached skill level 1 in Armour
   910 | D:2      | Noticed Sigmund
   912 | D:2      | Reached XP level 3. HP: 17/26 MP: 4/7
  1027 | D:2      | Noticed Robin
  1081 | D:2      | Killed Robin
  1081 | D:2      | Reached XP level 4. HP: 15/34 MP: 0/8
  1231 | D:2      | Found a faded altar of an unknown god.
  1264 | D:2      | Became a worshipper of Xom of Chaos
  1377 | D:2      | Learned a level 3 spell: Conjure Flame
  1431 | D:2      | XOM: harmless Chrm miscast
  1459 | D:2      | Found Zin's Purification Station.
  1464 | D:2      | Found a glowing silver altar of Zin.
  1553 | D:2      | Noticed Natasha
  1560 | D:2      | Killed Natasha
  1560 | D:2      | Reached skill level 1 in Translocations
  1583 | D:2      | XOM: god gift: glowing scarf {god gift}
  1642 | D:2      | Slain by Sigmund

Levels and vault maps discovered:
D:1:      dpeg_arrival_lava_temple_mockup, layout_loops_ring
D:2:      layout_basic, zin_purify, chequers_ecumenical_altar_simple_redux,
          uniq_natasha, uniq_robin, uniq_sigmund

Skill      XL: |  1  2  3  4 |
---------------+-------------+-----
Dodging        | 2 |  2.0
Stealth        | 2 |  2.0
Fighting       | 1 2 |  2.8
Armour         | 1 2 |  2.4
Translocations | 1 |  1.0
Spellcasting   | |  3.1
Conjurations   | |  1.4
Summonings     | |  1.0

Action                   |  1- 3 |  4- 6 || total
-------------------------+-------+-------++-------
Melee: Dagger            |   103 |    39 ||   142
       Short sword       |       |    15 ||    15
 Cast: Magic Dart        |    30 |    19 ||    49
       Call Imp          |     9 |     8 ||    17
  Use: Potion            |     1 |       ||     1
       Scroll            |       |     1 ||     1
 Stab: Sleeping          |     2 |     3 ||     5
  Eat: Chunk             |     1 |     2 ||     3
Armor: Robe              |    20 |       ||    20
       Leather armour    |     6 |     6 ||    12
Dodge: Dodged            |    60 |    17 ||    77
